 Dungeon Crawl Stone Soup version 0.32-a0-938-g40ac7a0f4d (webtiles) character file.

Game seed: 15937458691380570598

12369 tilp the Jinx (level 11, -4/84 HPs)
             Began as a Vampire Enchanter on Apr 15, 2024.
             Was a Priest of Wu Jian.
             Slain by a komodo dragon (19 damage)
             ... on level 11 of the Dungeon.
             The game lasted 00:24:43 (13427 turns).

tilp the Jinx (Vampire Enchanter)                  Turns: 13427, Time: 00:24:44

Health: -4/84      AC: 10    Str:  7    XL:     11   Next: 61%
Magic:  4/19       EV: 14    Int: 22    God:    Wu Jian [***...]
Gold:   119        SH:  5    Dex: 21    Spells: 8/21 levels left

rFire   . . .        a - +2 dagger
rCold   . . .        q - +0 buckler
rNeg    . . .        B - +0 steam dragon scales
rPois   .            j - +0 helmet
rElec   .            u - +0 cloak
rCorr   .            A - +2 pair of gloves
SInv    +            (no boots)
Will    +....        G - amulet of the acrobat
Stlth   +++++        v - +6 ring of dexterity
HPRegen 0.54/turn    (no ring)
MPRegen 0.16/turn

%: acrobat
@: healing quickly
A: alive, fangs 3, see invisible, vampiric 2
a: Exsanguinate, Renounce Religion, Wall Jump, Serpent's Lash


You were on level 11 of the Dungeon.
You worshipped Wu Jian.
Wu Jian was most pleased with you.
You visited 2 branches of the dungeon, and saw 12 of its levels.
You also visited: Ossuary.

You collected 417 gold pieces.
You spent 298 gold pieces at shops.

Inventory:

Hand Weapons
 a - a +2 dagger (weapon)
 b - a +4 falchion
Missiles
 x - a curare-tipped dart {!f}
 C - 9 boomerangs
 L - 3 poisoned darts (quivered)
Armour
 e - a +2 ring mail of fire resistance
 g - the +8 scale mail of the Tundras {+Blink rPois Str-2 Int+5}
   (You found it on level 8 of the Dungeon)

   Str-2:     It affects your strength (-2).
   Int+5:     It affects your intelligence (+5).
   rPois:     It protects you from poison.
   +Blink:    It lets you blink.
 j - a +0 helmet (worn)
 q - a +0 buckler (worn)
 u - a +0 cloak (worn)
 y - a +1 robe of fire resistance
 z - a scarf of invisibility
 A - a +2 pair of gloves (worn)
 B - +0 steam dragon scales (worn)
Jewellery
 v - a +6 ring of dexterity (left hand)
 F - a ring of resist corrosion
 G - an amulet of the acrobat (around neck)
 J - a +6 ring of dexterity
Wands
 d - a wand of acid (7)
 H - a wand of mindburst (9)
Scrolls
 h - 2 scrolls of fear
 i - 4 scrolls of blinking
 m - 5 scrolls of teleportation
 p - 2 scrolls of summoning
 s - a scroll of torment
 w - 3 scrolls of enchant weapon
 D - 2 scrolls of poison
 K - a scroll of revelation
 M - a scroll of fog {unknown}
 N - a scroll of identify
Potions
 c - 2 potions of invisibility
 f - a potion of mutation
 k - 4 potions of curing
 l - 4 potions of attraction
 n - a potion of resistance
 o - 2 potions of heal wounds
 r - 3 potions of haste
 t - a potion of enlightenment
 E - a potion of berserk rage {unknown}
 I - a potion of ambrosia


   Skills:
 * Level 7.5 Fighting
 - Level 3.1(6.5) Short Blades
 * Level 8.2(8.4) Long Blades
 - Level 6.0 Dodging
 + Level 10.2 Stealth
 + Level 3.5 Shields
 + Level 5.7 Spellcasting
 - Level 12.0 Hexes
 + Level 2.0 Translocations
 - Level 2.0 Ice Magic
 - Level 4.0 Evocations


You had 8 spell levels left.
You knew the following spells:

 Your Spells              Type           Power      Damage    Failure   Level
a - Ensorcelled Hibernat  Hex/Ice        74%        N/A       1%          2
b - Confusing Touch       Hex            56%        N/A       1%          3
c - Tukima's Dance        Hex            56%        N/A       1%          3
d - Dazzling Flash        Conj/Hex       64%        N/A       3%          3
e - Blink                 Tloc           30%        N/A       10%         2

Your spell library contained the following spells:

 Spells                   Type           Power      Damage    Failure   Level
 Apportation              Tloc           30%        N/A       6%          1
 Lesser Beckoning         Tloc           30%        N/A       10%         2
 Necrotise                Necr           24%        1d5       14%         1
 Sting                    Conj/Alch      24%        1d4       14%         1
 Summon Small Mammal      Summ           24%        N/A       14%         1
 Momentum Strike          Conj/Tloc      20%        3d8       14%         2
 Frozen Ramparts          Ice            30%        1d5       19%         3
 Ozocubu's Armour         Ice            15%        N/A       19%         3
 Metabolic Englaciation   Hex/Ice        18%        N/A       22%         5
 Animate Dead             Necr           6%         N/A       82%         4
 Curse of Agony           Necr           6%         N/A       99%         5
 Summon Horrible Things   Summ           3%         N/A       100%        8


Dungeon Overview and Level Annotations

Branches:
Dungeon (11/15)            Temple (1/1) D:6            Lair (0/5) D:11
Ossuary (visited)
    Orc: D:9-12

Altars:
Ashenzari
Cheibriados
Dithmenos
Fedhas
Gozag
Hepliaklqana
Kikubaaqudgha
Makhleb
Nemelex Xobeh
Okawaru
Qazlal
Ru
Sif Muna
Trog
Uskayaw
Vehumet
Wu Jian
Xom
Yredelemnul

Shops:
D:5 [(*!(   D:6 =   D:8 :

Portals:
Trove: D:10 (give +4 demon trident)


Innate Abilities, Weirdness & Mutations

Your natural rate of healing is accelerated.
You have razor-sharp teeth.
You have supernaturally acute eyesight. (SInv)
You are afflicted with vampirism and can become a bat while bloodless.


Message History

Aiming: Ensorcelled Hibernation (safe; 1% risk of failure)
Press: ? - help, Shift-Dir - straight line, f/p - komodo dragon
Aim: a komodo dragon (chance to affect: 47%)
The komodo dragon resists with some effort.
The komodo dragon bites you!!
Unknown command.
Casting: Ensorcelled Hibernation (safe; 1% risk of failure)
Confirm with . or Enter, or press ? or * to list all spells.
Aiming: Ensorcelled Hibernation (safe; 1% risk of failure)
Press: ? - help, Shift-Dir - straight line, f/p - komodo dragon
Aim: a komodo dragon (chance to affect: 47%)
The komodo dragon resists with some effort.
The komodo dragon barely misses you.
Unknown command.
Casting: Ensorcelled Hibernation (safe; 1% risk of failure)
Confirm with . or Enter, or press ? or * to list all spells.
Aiming: Ensorcelled Hibernation (safe; 1% risk of failure)
Press: ? - help, Shift-Dir - straight line, f/p - komodo dragon
Aim: a komodo dragon (chance to affect: 47%)
The komodo dragon resists with some effort.
The komodo dragon bites you!
* * * LOW HITPOINT WARNING * * *
Unknown command.
Casting: Ensorcelled Hibernation (safe; 1% risk of failure)
Confirm with . or Enter, or press ? or * to list all spells.
Aiming: Ensorcelled Hibernation (safe; 1% risk of failure)
Press: ? - help, Shift-Dir - straight line, f/p - komodo dragon
Aim: a komodo dragon (chance to affect: 47%)
The komodo dragon resists with some effort.
The komodo dragon bites you!
* * * LOW HITPOINT WARNING * * *
Unknown command.
Casting: Ensorcelled Hibernation (safe; 1% risk of failure)
Confirm with . or Enter, or press ? or * to list all spells.
Aiming: Ensorcelled Hibernation (safe; 1% risk of failure)
Press: ? - help, Shift-Dir - straight line, f/p - komodo dragon
Aim: a komodo dragon (chance to affect: 47%)
The komodo dragon resists with some effort.
The komodo dragon bites you!!
You die...

...# #.#
#### ##.##
##...## #
##...PP##
#.#....PPP#
#.#...PPPP#
#....PPPPP#
#..P..PPPP#
#....@l.PP#
##..P...PP#
#.PPP.>!P#
##P.PP..P#


#.PPPPPP# ##PPPPP## ####### You could see a komodo dragon.

Vanquished Creatures
  3 two-headed ogres
  A boulder beetle (D:11)
  A gargoyle (D:11)
  2 unseen horrors
  A komodo dragon (D:10)
  2 trolls (D:11)
  2 tengu conjurers (D:11)
  2 hornets
  2 wraiths (D:11)
  A shadow (D:9)
  2 wyverns
  9 yaks
  Eustachio (D:5)
  An unseen horror simulacrum (D:9)
  2 steam dragons
  Menkaure (D:4)
  A water moccasin (D:3)
  An orc warrior (D:8)
  3 ice beasts
  2 wolves (D:9)
  A centaur (D:10)
  2 phantoms
  A bullfrog (D:6)
  A gnoll sergeant (D:5)
  A kobold brigand (D:7)
  2 scorpions
  A wight (Ossuary)
  21 killer bees
  9 howler monkeys
  3 electric eels (D:9)
  6 bombardier beetles
  A bullfrog zombie (Ossuary)
  6 centaur zombies (Ossuary)
  2 hounds
  5 orc priests
  Crazy Yiuf (D:6)
  A gnoll bouda (D:5)
  A sleepcap (D:4)
  4 iguanas
  2 scorpion zombies (Ossuary)
  Natasha (thrice) (D:4)
  9 orc wizards
  A centaur simulacrum (D:9)
  Robin (D:4)
  14 gnolls
  6 adders
  4 white imps
  2 howler monkey simulacra (D:9)
  7 ufetubi
  4 dart slugs
  A ribbon worm (D:2)
  15 orcs
  9 endoplasms
  4 giant cockroaches
  2 gnoll zombies (Ossuary)
  12 goblins
  9 hobgoblins
  4 jackals (D:1)
  A quokka (D:1)
  9 ball pythons
  10 bats
  7 frilled lizards
  4 goblin zombies (Ossuary)
  7 hobgoblin zombies (Ossuary)
  7 kobolds
  3 orc zombies (Ossuary)
  6 rats
272 creatures vanquished.

Vanquished Creatures (collateral kills)
  A centaur (D:8)
  Blork the orc (D:4)
  A gnoll sergeant (D:7)
  8 wights (D:8)
  2 orc priests (D:6)
  A gnoll bouda (D:8)
  4 gnolls
  An orc (D:8)
19 creatures vanquished.

Vanquished Creatures (others)
  A dancing weapon (D:8)
1 creature vanquished.

Grand Total: 292 creatures vanquished

Notes
Turn   | Place    | Note
-------+----------+-------------------------------------------
     0 | D:1      | tilp the Vampire Enchanter began the quest for the Orb.
     0 | D:1      | Reached XP level 1. HP: 13/13 MP: 3/3
   174 | D:1      | Reached XP level 2. HP: 20/20 MP: 5/5
   177 | D:1      | Learned a level 2 spell: Ensorcelled Hibernation
   609 | D:1      | Reached skill level 1 in Fighting
   831 | D:1      | Gained mutation: You are afflicted with vampirism and can
                  | become a bat while bloodless. [Vampire growth]
   831 | D:1      | Reached XP level 3. HP: 26/26 MP: 6/6
   835 | D:1      | Learned a level 3 spell: Confusing Touch
  1618 | D:2      | Reached skill level 5 in Hexes
  2134 | D:3      | Got Plog's Commentary on the Mustered Crypt
  2270 | D:3      | Noticed a water moccasin
  2270 | D:3      | Noticed a phantom
  2321 | D:3      | Killed a water moccasin
  2322 | D:3      | Reached skill level 1 in Long Blades
  2322 | D:3      | Reached skill level 5 in Stealth
  2322 | D:3      | Reached skill level 1 in Ice Magic
  2322 | D:3      | Reached XP level 4. HP: 28/33 MP: 0/7
  2322 | D:3      | Reached XP level 5. HP: 32/38 MP: 0/8
  2395 | D:3      | Learned a level 3 spell: Tukima's Dance
  2411 | D:3      | Killed a phantom
  2912 | D:3      | Reached XP level 6. HP: 42/44 MP: 4/9
  3148 | D:4      | Identified the maw talisman of Intuition {rElec rPois Str+7
                  | Int-2}
  3313 | D:4      | Noticed Natasha
  3320 | D:4      | Killed Natasha
  3413 | D:4      | Reached skill level 6 in Hexes
  3437 | D:4      | Found a hazy altar of Hepliaklqana.
  3524 | D:4      | Noticed Menkaure
  3539 | D:4      | Killed Menkaure
  3540 | D:4      | Reached XP level 7. HP: 36/51 MP: 8/11
  3673 | D:4      | Noticed Natasha
  3744 | D:4      | Killed Natasha
  3774 | D:4      | Noticed Robin
  3821 | D:4      | Noticed Natasha
  3826 | D:4      | Killed Natasha
  4180 | D:4      | Noticed Blork the orc
  4192 | D:4      | Killed Blork the orc
  4483 | D:4      | Killed Robin
  5010 | D:5      | Entered Level 5 of the Dungeon
  5080 | D:5      | Found Lyitypp's Weapon Boutique.
  5172 | D:5      | Reached skill level 7 in Hexes
  5188 | D:5      | Found a sand-covered staircase.
  5194 | Ossuary  | Entered an ossuary
  5361 | Ossuary  | Reached XP level 8. HP: 40/58 MP: 5/12
  5779 | Ossuary  | Noticed a silent spectre
  5854 | D:5      | Found a snail-covered altar of Cheibriados.
  5859 | D:5      | Noticed Eustachio
  5876 | D:5      | Killed Eustachio
  5877 | D:5      | Reached skill level 8 in Hexes
  6123 | D:5      | Found Neodan's Distillery.
  6126 | D:5      | Found Ewehinau's General Store.
  6136 | D:5      | Bought a +0 cloak for 67 gold pieces
  6171 | D:5      | Found Niclorroin's Antique Weapon Emporium.
  6573 | D:5      | Found Osaguufokh's Armour Emporium.
  6860 | D:6      | Found a staircase to the Ecumenical Temple.
  6885 | Temple   | Entered the Ecumenical Temple
  6898 | Temple   | Became a worshipper of the Wu Jian Council
  6948 | D:6      | Learned a level 3 spell: Dazzling Flash
  6995 | D:6      | Found Roonipn's Jewellery Shoppe.
  7742 | D:6      | Found a runed translucent door.
  7743 | D:6      | Noticed Crazy Yiuf
  7776 | D:6      | Killed Crazy Yiuf
  7777 | D:6      | Reached XP level 9. HP: 55/66 MP: 6/14
  8177 | D:7      | Reached skill level 5 in Long Blades
  8191 | D:7      | Reached skill level 1 in Evocations
  8507 | D:7      | Reached skill level 9 in Hexes
  8699 | D:7      | Reached * piety under Wu Jian
  9067 | D:8      | Reached skill level 5 in Fighting
  9085 | D:7      | Reached skill level 5 in Dodging
  9671 | D:5      | Bought a +2 pair of gloves for 231 gold pieces
  9806 | D:8      | Found Elit's Book Emporium.
  9809 | D:8      | Identified the +8 scale mail of the Tundras {+Blink rPois
                  | Str-2 Int+5}
  9889 | D:8      | Reached skill level 1 in Shields
  9891 | D:8      | Reached ** piety under Wu Jian
  9896 | D:8      | Reached skill level 10 in Hexes
  9922 | D:8      | Reached XP level 10. HP: 76/76 MP: 2/16
 10430 | D:8      | Found a stormy altar of Qazlal.
 11236 | D:9      | Noticed a two-headed ogre
 11249 | D:9      | Killed a two-headed ogre
 11250 | D:9      | Reached skill level 5 in Spellcasting
 11379 | D:9      | Reached skill level 11 in Hexes
 11807 | D:9      | Reached *** piety under Wu Jian
 12108 | D:9      | Learned a level 2 spell: Blink
 12130 | D:10     | Entered Level 10 of the Dungeon
 12237 | D:10     | Noticed a two-headed ogre
 12239 | D:10     | Killed a two-headed ogre
 12294 | D:10     | Reached XP level 11. HP: 83/83 MP: 18/18
 12345 | D:10     | Found a portal to a secret trove of treasure.
 12708 | D:11     | Reached skill level 1 in Translocations
 12734 | D:11     | Noticed a two-headed ogre
 12738 | D:11     | Killed a two-headed ogre
 13097 | D:11     | Reached skill level 12 in Hexes
 13178 | D:11     | Identified the +0 scale mail of Ammoori {Str-4 Int+7 Dex+4
                  | SInv}
 13194 | D:11     | Noticed a boulder beetle
 13218 | D:11     | Reached skill level 10 in Stealth
 13353 | D:11     | Killed a boulder beetle
 13408 | D:11     | Found a staircase to the Lair.
 13427 | D:11     | Slain by a komodo dragon

Illustrated notes

Levels and vault maps discovered:
D:1:      sevenhm_arrival_forest_fort_small_4, layout_basic
D:2:      layout_loops_corners
D:3:      layout_loops_cross
D:4:      layout_layer_cave, mainiacjoe_overflow_24_doors, uniq_natasha,
          uniq_blork_the_orc, uniq_menkaure, uniq_robin
D:5:      layout_loops_ring, nicolae_overflow_crystal_walls, serial_shops, shop,
          nicolae_lakefront_shop, kennysheep_little_box,
          nicolae_shop_tiny_real_fake_doors, shop, nicolae_ossuary_entry_plus,
          uniq_eustachio
D:6:      layout_basic, minmay_temple_entry_statues_fountains, serial_shops,
          nicolae_shop_peninsula, uniq_crazy_yiuf_cottage
D:7:      layout_cave_pods
D:8:      layout_gridville, nicolae_qazlal_eye_of_the_storm, serial_shops,
          nicolae_shop_back_alley_shop
D:9:      layout_loops_ring, serial_ice, serial_ice_i, serial_ice_f,
          serial_ice_h, serial_ice_m
D:10:     layout_small_grid, enter_trove_1
D:11:     layout_roguey, david_lair_shrubbed
Temple:   compressed_dpeg_triangle_lava_temple

Skill      XL: |  1  2  3  4  5  6  7  8  9 10 11 |
---------------+----------------------------------+-----
Fighting       | 1 2 3 4 5 6 7 |  7.5
Hexes          | 5 6 7 8 10 11 12 | 12.0
Short Blades   | 2 3 |  3.1
Long Blades    | 1 2 3 4 6 7 8 |  8.2
Stealth        | 5 6 7 8 9 10 | 10.2
Ice Magic      | 1 2 |  2.0
Dodging        | 3 4 5 6 |  6.0
Spellcasting   | 3 4 5 |  5.7
Evocations     | 2 3 4 |  4.0
Shields        | 1 2 3 |  3.5
Translocations | 2 |  2.0

Action                     |  1- 3 |  4- 6 |  7- 9 | 10-12 || total
---------------------------+-------+-------+-------+-------++-------
  Melee: Dagger            |   129 |    48 |   342 |   159 ||   678
         Bite              |    14 |     4 |    61 |    17 ||    96
         Long sword        |       |       |     2 |       ||     2
         Falchion          |       |       |       |    22 ||    22
   Cast: Ensorcelled Hiber |    16 |    16 |    70 |    88 ||   190
         Confusing Touch   |       |     2 |    26 |    14 ||    42
         Tukima's Dance    |       |       |    20 |     1 ||    21
         Dazzling Flash    |       |       |     4 |     1 ||     5
Ability: Lunge             |       |       |    13 |    27 ||    40
         Whirlwind         |       |       |     2 |     3 ||     5
  Evoke: Wand              |       |       |       |     2 ||     2
    Use: Scroll            |     2 |     4 |    11 |     2 ||    19
         Potion            |     2 |       |       |       ||     2
   Stab: Sleeping          |    24 |    16 |    73 |    59 ||   172
         Distracted        |     1 |       |       |       ||     1
         Confused          |       |     1 |    16 |    15 ||    32
         Invisible         |       |       |     2 |       ||     2
 Armour: Robe              |    36 |       |       |    23 ||    59
         Leather armour    |    22 |    16 |   181 |       ||   219
         Steam dragon scal |       |       |       |    41 ||    41
  Dodge: Dodged            |    68 |    12 |   198 |   101 ||   379
  Block: Buckler           |       |       |     2 |    36 ||    38

Table legend: (Time is in decaauts)
 A = Elapsed time spent in this place.
 B = Non-inter-level travel time spent in this place.
 C = Inter-level travel time spent in this place.
 D = Time resting spent in this place.
 E = Time spent auto-exploring this place.
 F = Levels seen in this place.
 G = Mean time per level.
                   A        B        C        D        E       F      G
               +--------+--------+--------+--------+--------+-----+--------+
         Total |  13330 |  12614 |    716 |   2508 |   7507 |  13 | 1025.4 |
       Dungeon |  12699 |  12008 |    691 |   2239 |   7507 |  11 | 1154.5 |
        Temple |     26 |      1 |     25 |      0 |      0 |   1 |   26.0 |
       Ossuary |    604 |    604 |      0 |    269 |      0 |   1 |  604.0 |
               +--------+--------+--------+--------+--------+-----+--------+

Top non-repeatable levels by time:
     D:4: 1787 daAuts
     D:9: 1517 daAuts
     D:6: 1395 daAuts
     D:7: 1312 daAuts
     D:1: 1143 daAuts
     D:8: 1139 daAuts
     D:3: 1104 daAuts
     D:5: 1027 daAuts
     D:2: 978 daAuts
    D:11: 796 daAuts
 Ossuary: 604 daAuts
    D:10: 496 daAuts
  Temple: 26 daAuts
